[Event "ESP-ch Teams Primera 2022"]
[Site "Sanxenxo Pontevedra"]
[Date "2022.09.20"]
[Round "4.9"]
[White "Laiz Ibanez, Hector"]
[Black "Fier, Alexandr"]
[Result "0-1"]
[ECO "B52"]
[WhiteElo "2327"]
[BlackElo "2583"]
[Annotator "TA"]
[PlyCount "86"]
[EventDate "2022.09.17"]
[EventType "team-tourn"]
[EventCountry "ESP"]
[SourceTitle "playchess.com"]
[Source "ChessBase"]
[SourceQuality "1"]
[TimeControl "5400+30"]

1. e4 c5 2. Nf3 d6 3. Bb5+ Bd7 4. c4 Nf6 5. Nc3 a6 {[%emt 0:00:05] CPLX 2.4} 6. Bxd7+ {[%emt 0:00:18] CPLX 2.6. B52: Sicilian: Moscow Variation with 3...Bd7.} Nbxd7 {[%emt 0:00:05][%cal Bb8d7,Bd7e5,Be5c6,Bc6b4][%mdl 32] RECAPT} 7. O-O {[%emt 0:03:47] BESTDEEP} e6 {[%emt 0:00:37] CPLX 2.0} 8. d3 {[%emt 0:06:39] The position is equal.} Be7 {[%emt 0:00:10] CPLX 2.0} 9. Kh1 O-O {[%emt 0:00:08] CPLX 2.0} 10. Ng1 {[%emt 0:00:29] [#] CPLX 2.1 2 (h2-h3) (=0)} Rb8 $146 {[%emt 0:12:08] CPLX 2.1 16 (Nd7-b8) (=3)} ({Predecessor:} 10... d5 11. f4 d4 12. Nce2 b5 13. b3 Rb8 14. e5 Ne8 15. Ng3 bxc4 16. bxc4 Qa5 {1-0 (62) Kilgus,G (2460)-Miron,L (2507) Chess.com INT 2020}) 11. a4 {[%emt 0:08:25] CPLX 2.1 17 (f2-f4) (=3)} Ne5 {CPLX 2.2} 12. f4 {[%emt 0:00:48] BESTDEEP} Nc6 {[%emt 0:00:10] CPLX 2.5} 13. g4 {[%emt 0:07:47] BESTDEEP} Nb4 {[%emt 0:02:05] CPLX 2.2 17 (Rb8-c8) (=4)} 14. g5 {[%emt 0:10:04] CPLX 2.4} Ne8 {[%emt 0:00:39] MISS-Nf6-d7 10 (Nf6-d7) (=4)} 15. Nf3 {[%emt 0:10:25] CPLX 2.4} f5 {[%emt 0:09:46] BESTDEEP} 16. gxf6 {[%emt 0:00:24] CPLX 2.6 30 (e4xf5) (=4)} Nxf6 {[%emt 0:00:06] RECAPT 22 (Be7xf6) (=5)} 17. Ng5 {[%emt 0:11:37][%cal Bf3g5,Bg5h3,Bh3f2][%mdl 32] CPLX 2.4} Qd7 {[%emt 0:00:11] CPLX 2.9} 18. Qf3 {[%emt 0:01:56] CPLX 2.9 0 (Rf1-g1) (=4)} h6 {[%emt 0:04:51] CPLX 2.9 0 (Nb4-c2) (=5)} 19. Nh3 {[%emt 0:00:01] CPLX 3.1} Rf7 {[%emt 0:00:44] CPLX 2.5 15 (Qd7-e8) (=5)} 20. Nf2 {[%emt 0:04:19] CPLX 2.5 0 (Rf1-g1) (=3)} Rbf8 {[%emt 0:00:15] CPLX 2.5 0 (Nb4-c2) (=5)} 21. Rg1 {[%emt 0:03:41] BESTDEEP} Kh8 {[%emt 0:00:08] CPLX 2.7 0 (d6-d5) (=5)} 22. Qh3 {[%emt 0:00:48] CPLX 2.6 7 (Bc1-d2) (=3)} Nh7 {[%emt 0:01:24] CPLX 2.9 25 (d6-d5) (=6)} 23. Ng4 {[%emt 0:08:09] CPLX 2.8 19 (Bc1-d2) (=4)} Bf6 {[%emt 0:02:36] CPLX 2.7 14 (Nh7-f6) (=6)} 24. Nxf6 {[%emt 0:00:41] CPLX 2.9 20 (Bc1-d2) (=5)} Nxf6 {[%emt 0:00:05] RECAPT} 25. Bd2 {[%emt 0:00:44] CPLX 2.9 15 (Rg1-g6) (=6)} d5 {[%emt 0:00:50] [#] And now ...dxc4 would win. BESTDEEP} 26. e5 {[%emt 0:07:09] CPLX 3.4 38 (Rg1-g2) (=7)} Ng8 {[%emt 0:00:56] RELBLUND 56 (Nf6-e8) (=8)} (26... Ne8 $15 27. cxd5 Nxd5) 27. cxd5 $11 {[%emt 0:08:42] CPLX 3.2} Nxd5 {[%emt 0:00:06] RECAPT} 28. Ne4 {[%emt 0:00:02] CPLX 3.1} Nxf4 {[%emt 0:00:28] CPLX 3.0} 29. Bxf4 {[%emt 0:00:21] RECAPT} Rxf4 {[%emt 0:00:05] RECAPT} 30. Nxc5 {[%emt 0:00:54] DEEPSTRONG} Qd5+ {[%emt 0:06:02] CPLX 4.3} 31. Qg2 {[%emt 0:00:02] EASY} Re8 {[%emt 0:00:06] BESTDEEP} 32. Qxd5 {[%emt 0:01:34] CPLX 4.7 9 (a4-a5) (=6)} (32. a5 {looks sharper.} Rb4 33. Qxd5 exd5 34. d4) 32... exd5 {[%emt 0:00:02] RECAPT} 33. Rae1 {[%emt 0:02:13] CPLX 2.2 0 (Ra1-f1) (=6)} Rb4 {[%emt 0:00:04] CPLX 2.2 2 (Re8-e7) (=6)} 34. Rg6 {[%emt 0:00:32] CPLX 2.2 2 (b2-b3) (=5)} Rc8 {[%emt 0:02:54] CPLX 2.4 5 (Rb4xb2) (=6)} 35. Nd7 {[%emt 0:00:29] MISS-Nc5-e6 5 (Nc5-e6) (=5)} Rxb2 {[%emt 0:00:29] CPLX 2.3 0 (Ng8-e7) (=6)} 36. Rf1 {[%emt 0:00:31] RELBLUND 93 (Rg6-g2) (=8)} (36. Rg2 $11 Rxg2 37. Kxg2) 36... Ne7 {[%emt 0:00:52] RELBLUND 76 (Rc8-c2) (=8)} (36... Rcc2 $17 37. h4 Rh2+ 38. Kg1 Rxh4) 37. Re6 $2 {[%emt 0:00:21] RELBLUND 169 (Rg6-g2) (=13)} (37. Rg2 $11 Rxg2 38. Kxg2) 37... Nf5 {[%emt 0:00:21] aiming for ...Nh4. CPLX 2.7 45 (Rc8-c2) (=9)} 38. Rg6 {[%emt 0:00:37] MISS-Re6-b6 53 (Re6-b6) (=15)} (38. Rb6 $17 {keeps fighting.} Ra2 39. Kg1) 38... Ne3 {[%emt 0:00:41] CPLX 2.7 80 (Kh8-h7) (=11)} ({Black should play} 38... Kh7 $19 39. Rb6 Re2) 39. Re1 $17 {[%emt 0:00:01] CPLX 2.8} d4 $36 {[%emt 0:00:44][%mdl 2048] White is under strong pressure. CPLX 2.8 14 (Kh8-h7) (=11)} 40. e6 {[%emt 0:00:48] CPLX 2.6} Re8 {[%emt 0:00:05] CPLX 2.8 16 (Rb2-f2) (=11)} 41. Reg1 {[%emt 0:00:32] CPLX 2.8} Re7 {[%emt 0:00:27] Black is more active. BESTDEEP} 42. Rxh6+ $2 {[%emt 0:00:40][%mdl 8192] RELBLUND 400 (h2-h3) (=24)} gxh6 $19 {[%emt 0:00:40] RECAPT} 43. Nf6 {[%emt 0:00:02] [#] EASY} Rg2 $1 {[%emt 0:00:11] Weighted Error Value: White=0.32/Black=0.14 (very precise)} 0-1

[Event "ESP-ch Teams Primera 2022"]
[Site "Sanxenxo Pontevedra"]
[Date "2022.09.20"]
[Round "4.10"]
[White "Adla, Diego"]
[Black "Abal Cores, Lucas"]
[Result "1-0"]
[ECO "A21"]
[WhiteElo "2393"]
[BlackElo "2291"]
[Annotator "ChessBase"]
[PlyCount "59"]
[EventDate "2022.09.17"]
[EventType "team-tourn"]
[EventCountry "ESP"]
[SourceTitle "playchess.com"]
[Source "ChessBase"]
[SourceQuality "1"]
[TimeControl "5400+30"]

1. c4 e5 2. Nc3 d6 3. Nf3 f5 4. d3 Nf6 5. g3 Be7 6. Bg2 O-O 7. O-O a5 8. a3 Na6 9. b4 c6 10. b5 Nc7 11. bxc6 bxc6 12. Rb1 Ne6 13. Nh4 f4 14. Bxc6 Ra6 15. Bg2 Ng5 16. Nf3 Nh3+ 17. Kh1 Qe8 18. Rb8 Qh5 19. Ne4 Ng4 20. Bxh3 Qxh3 21. Rg1 d5 22. cxd5 Nxh2 23. Nxh2 g5 24. Rg2 g4 25. gxf4 exf4 26. Bxf4 Rxf4 27. Rxc8+ Kg7 28. Rc7 Rg6 29. Rxe7+ Kf8 30. Re6 1-0

[Event "ESP-ch Teams Primera 2022"]
[Site "Sanxenxo Pontevedra"]
[Date "2022.09.20"]
[Round "4.11"]
[White "Rodriguez Ferreiros, Andres"]
[Black "Vega Gutierrez, Sabrina"]
[Result "0-1"]
[ECO "B40"]
[WhiteElo "2110"]
[BlackElo "2395"]
[Annotator "ChessBase"]
[PlyCount "86"]
[EventDate "2022.09.17"]
[EventType "team-tourn"]
[EventCountry "ESP"]
[SourceTitle "playchess.com"]
[Source "ChessBase"]
[SourceQuality "1"]
[TimeControl "5400+30"]

1. e4 c5 2. Nf3 e6 3. c3 d5 4. exd5 Qxd5 5. d4 Nf6 6. Be2 cxd4 7. cxd4 Nc6 8. Nc3 Qd6 9. O-O Be7 10. Bg5 O-O 11. Qd2 Rd8 12. Rfd1 Nd5 13. Rac1 h6 14. Bxe7 Qxe7 15. Ne5 Nxc3 16. Qxc3 Bd7 17. d5 exd5 18. Rxd5 Be8 19. Rcd1 Rxd5 20. Rxd5 Nb4 21. Rc5 Nxa2 22. Qc4 b6 23. Rd5 Nb4 24. Ng6 Qf6 25. Qxb4 Qxg6 26. Bd3 Qc6 27. Qd2 Rc8 28. h3 Qc1+ 29. Qxc1 Rxc1+ 30. Kh2 Kf8 31. Kg3 Rd1 32. Be4 Rxd5 33. Bxd5 Ke7 34. Kf4 Kd6 35. Ba2 a5 36. g4 a4 37. Ke4 Kc5 38. f4 b5 39. h4 Bd7 40. f5 f6 41. Kf4 Kd4 42. Be6 Be8 43. g5 b4 0-1

[Event "ESP-ch Teams Primera 2022"]
[Site "Sanxenxo Pontevedra"]
[Date "2022.09.20"]
[Round "4.12"]
[White "Vela Frago, Alberto"]
[Black "Suarez Gomez, Paula"]
[Result "1-0"]
[ECO "A13"]
[WhiteElo "2203"]
[BlackElo "1801"]
[Annotator "TA"]
[PlyCount "77"]
[EventDate "2022.09.17"]
[EventType "team-tourn"]
[EventCountry "ESP"]
[SourceTitle "playchess.com"]
[Source "ChessBase"]
[SourceQuality "1"]
[TimeControl "5400+30"]

1. c4 e6 2. Nf3 d5 3. b3 Nf6 4. g3 Be7 5. Bg2 O-O 6. O-O b6 7. Bb2 Bb7 8. e3 dxc4 9. bxc4 c5 10. Qe2 Nc6 11. d4 cxd4 {A14: English Opening: 1...e6 with b3 by White.} 12. exd4 Rc8 13. Nbd2 Ba6 {The position is equal.} 14. Rac1 {[#]} Ne8 $146 ({Predecessor:} 14... Na5 15. Ne5 Nd7 16. Nb3 Nxe5 17. Nxa5 bxa5 18. dxe5 Qc7 19. Rc2 Rfd8 20. Rfc1 Bc5 {1-0 (57) Dolana,A (2359)-Rengifo Blancas,R (2131) Tornelo INT 2021}) 15. Rfd1 Nd6 16. Bf1 (16. Qe1 $5 ) 16... Na5 {aiming for ...Ndxc4.} 17. Ne5 Rc7 18. Qg4 {Strongly threatening c5.} Qc8 19. c5 bxc5 (19... Ne8 $1 $14) 20. dxc5 Nf5 21. Bxa6 Qxa6 22. Ne4 Nh6 {[#]} (22... Qb7 $16) 23. Qh5 (23. Qf4 $1 $18 Qb7 24. Bc3) 23... Qb7 $16 24. Qe2 {Nd6 is the strong threat.} Nc6 25. Nd6 Qa8 26. Nec4 {White is much more active. The black rooks are badly placed.} Rd8 27. Nb5 Rcd7 {[#]} 28. Nbd6 ({White should try} 28. Rxd7 $1 $16 Rxd7 29. Qf3) 28... Kf8 $2 (28... Rc7 $1 $11) 29. g4 Bg5 30. Rc3 Bf6 31. Rg3 {Hoping for Bxf6.} Ng8 (31... Bxb2 $16 {is a better defense.} 32. Nxb2 (32. Qxb2 Rc7 $16) 32... Ne7) 32. Rh3 h6 33. Bxf6 Nxf6 (33... gxf6 34. Ra3 Rc7) 34. g5 $18 Ng8 35. Rf3 $2 ({Don't play} 35. g6 f6 36. Qxe6 Re7) (35. Qf3 $18) 35... Re7 $2 {A mistake that costs the game.} (35... hxg5 $16 {was called for.} 36. Qxe6 Nh6) 36. Qxe6 $40 {[%cal Rf3f7][%mdl 128] White attacks with force.} Rdd7 $2 (36... f6 37. Qd5 hxg5) 37. Qd5 {[%cal Oc4e5] And now Ne5! would win.} hxg5 {[#]} 38. Ne5 $1 Rc7 (38... Nf6 39. Qxc6) 39. Ng6# {Weighted Error Value: White=0.40/Black=0.64} 1-0

[Event "ESP-ch Teams Primera 2022"]
[Site "Sanxenxo Pontevedra"]
[Date "2022.09.20"]
[Round "4.14"]
[White "Alonso Garcia, Aaron"]
[Black "Salgado Lopez, Ivan"]
[Result "1/2-1/2"]
[ECO "C65"]
[WhiteElo "2427"]
[BlackElo "2595"]
[Annotator "TA"]
[PlyCount "77"]
[EventDate "2022.09.17"]
[EventType "team-tourn"]
[EventCountry "ESP"]
[SourceTitle "playchess.com"]
[Source "ChessBase"]
[SourceQuality "1"]
[TimeControl "5400+30"]

1. e4 {[%emt 0:00:32] Giri,Anish} e5 2. Nf3 Nc6 3. Bb5 Nf6 4. d3 Bc5 5. Bxc6 dxc6 {[%emt 0:00:11] RECAPT} 6. O-O {[%emt 0:00:05] BESTDEEP. C65: Ruy Lopez: Berlin Defence (3...Nf6), unusual lines and 4 0-0 Bc5.} Nd7 {[%emt 0:00:08] BESTDEEP} 7. c3 $1 {[%emt 0:00:05][%mdl 4] CPLX 2.1 7 (a2-a4) (=4) outshines the older 7.Nbd2.} Bd6 {[%emt 0:00:08] CPLX 2.2 7 (0-0) (=2)} 8. d4 {[%emt 0:00:16] CPLX 2.0 3 (Rf1-e1) (=3)} a5 {[%emt 0:00:08] [#] BESTDEEP} 9. Bg5 $146 {[%emt 0:11:05] CPLX 2.1 11 (Qd1-c2) (=5)} ({Predecessor:} 9. Re1 a4 10. Nbd2 exd4 11. cxd4 Nb6 12. Nf1 O-O 13. Bg5 f6 14. Bh4 Bg4 15. h3 {1-0 (50) Giri,A (2776)-So,W (2770) chess24.com INT 2021 CBM 201a [Giri,Anish]}) 9... f6 {[%emt 0:01:49] EASY} 10. Bh4 {[%emt 0:00:59] CPLX 2.5 8 (Bg5-e3) (=6)} Qe7 {[%emt 0:01:26] CPLX 2.2 8 (h7-h5) (=3)} 11. Nbd2 {[%emt 0:02:03][%cal Of3e5] EASY} g5 {[%emt 0:00:47] CPLX 2.2} 12. dxe5 {[%emt 0:04:24] MISS-Bh4-g3 0 (Bh4-g3) (=4)} Nxe5 {[%emt 0:00:14] RECAPT} 13. Nxe5 {[%emt 0:00:18] RECAPT} Bxe5 {[%emt 0:01:13] RECAPT} ({But not} 13... Qxe5 14. Qh5+ (14. Bg3 Qe6 $16) 14... Kd8 15. Bg3 $16) 14. Bg3 {[%emt 0:06:33] EASY} Bxg3 {[%emt 0:00:25] BESTDEEP} 15. Qh5+ {[%emt 0:05:15] CPLX 3.1 21 (f2xg3) (=5)} Qf7 {[%emt 0:00:18] CPLX 2.7} 16. Qxf7+ {[%emt 0:00:05] EASY} Kxf7 {[%emt 0:00:08] RECAPT} 17. fxg3 {[%emt 0:00:17] CPLX 2.3 2 (h2xg3) (=4)} Kg6 {[%emt 0:05:00] CPLX 2.0 0 (Rh8-f8) (=1)} 18. e5 {[%emt 0:08:38] BESTDEEP} f5 {[%emt 0:02:24] BESTDEEP} 19. g4 {[%emt 0:00:25] CPLX 2.0} Re8 {[%emt 0:07:32] CPLX 2.3 22 (Rh8-f8) (=2)} 20. gxf5+ {[%emt 0:04:18] CPLX 2.4} Bxf5 {[%emt 0:00:12] RECAPT} 21. Nf3 {[%emt 0:03:39] CPLX 2.0 9 (Ra1-e1) (=4)} c5 {[%emt 0:05:44] BESTDEEP} 22. Rad1 {[%emt 0:03:10] CPLX 2.0 17 (Ra1-e1) (=5)} Rad8 {[%emt 0:07:32] Inhibits Rd5. CPLX 2.1} 23. Rxd8 {[%emt 0:04:37] CPLX 2.3 0 (a2-a3) (=4)} Rxd8 $17 {[%emt 0:01:10][%mdl 4096] Endgame KRB-KRN. RECAPT} 24. Kf2 {[%emt 0:02:51] CPLX 2.0 6 (b2-b3) (=4)} b6 {[%emt 0:04:34] CPLX 2.0 10 (a5-a4) (=2)} 25. a3 {[%emt 0:01:15] CPLX 2.0 25 (h2-h3) (=5)} a4 {[%emt 0:02:24] CPLX 2.0} 26. Re1 {[%emt 0:06:31] CPLX 2.0 0 (h2-h3) (=5)} Be6 {[%emt 0:00:52] CPLX 2.0 7 (h7-h6) (=2)} 27. Ke3 {[%emt 0:01:52] CPLX 2.0 6 (Re1-e4) (=5)} Bc4 {[%emt 0:02:37] CPLX 2.0 11 (g5-g4) (=3)} 28. h4 {[%emt 0:07:45] CPLX 2.1 36 (Ke3-f2) (=7)} g4 {[%emt 0:05:53] CPLX 2.4} 29. Ng5 {[%emt 0:04:07] BESTDEEP} h6 {[%emt 0:15:37] RELBLUND 94 (Kg6-f5) (=6)} (29... Kf5 $17 {...g3 is the strong threat.} 30. e6 Re8) 30. Ne4 $11 {[%emt 0:00:08] EASY} Kf5 {[%emt 0:00:30] EASY} 31. Ng3+ $1 {[%emt 0:01:04] DEEPSTRONG} Ke6 {[%emt 0:03:35] BESTDEEP} 32. Nh5 $1 {[%emt 0:03:20] DEEPSTRONG} Kxe5 {[%emt 0:06:19] CPLX 2.3 46 (b6-b5) (=7)} (32... b5 $15 {should be considered.}) 33. Kf2+ {[%emt 0:00:16] CPLX 2.0} Kf5 {[%emt 0:01:02] CPLX 2.0} 34. Ng3+ {[%emt 0:00:20] EASY} Kf6 {[%emt 0:02:25] [#] White must now prevent ...Rd2+. CPLX 2.0} 35. Re4 $1 {[%emt 0:00:02][%csl LRc4,LRg4] DEEPSTRONG} Bb5 {[%emt 0:07:19] CPLX 2.1 47 (Bc4-b3) (=8)} ({Don't do} 35... Rd2+ 36. Ke1 Rxg2 37. Nh5+ Kg6 38. Nf4+ Kf5 39. Rxc4 $14) (35... Bb3 $15 {deserves consideration.}) 36. Rf4+ {[%emt 0:01:12] EASY. The position is equal.} Ke5 {[%emt 0:00:12] CPLX 2.0} 37. Re4+ {[%emt 0:00:51] EASY} Kf6 {[%emt 0:00:07] Strongly threatening ...Rd2+. CPLX 2.0 0 (Ke5-d5) (=8)} 38. Rf4+ {[%emt 0:00:01] EASY} Ke5 {[%emt 0:00:10] CPLX 2.0 0 (Kf6-e6) (=7)} 39. Re4+ {[%emt 0:00:01] Weighted Error Value: White=0.05 (flawless) /Black=0.11 (very precise)} 1/2-1/2

[Event "ESP-ch Teams Primera 2022"]
[Site "Sanxenxo Pontevedra"]
[Date "2022.09.20"]
[Round "4.15"]
[White "Andersen, Mads"]
[Black "Suarez Uriel, Adrian"]
[Result "1-0"]
[ECO "B90"]
[WhiteElo "2597"]
[BlackElo "2375"]
[Annotator "TA"]
[PlyCount "107"]
[EventDate "2022.09.17"]
[EventType "team-tourn"]
[EventCountry "ESP"]
[SourceTitle "playchess.com"]
[Source "ChessBase"]
[SourceQuality "1"]
[TimeControl "5400+30"]

1. e4 c5 2. Nf3 d6 3. d4 cxd4 4. Nxd4 Nf6 5. Nc3 a6 6. f3 e5 7. Nb3 Be6 8. Be3 Be7 9. Qd2 h5 10. Be2 {[%emt 0:00:38] CPLX 2.3} Nbd7 {[%emt 0:03:04] BESTDEEP. B90: Sicilian Najdorf: Unusual White 6th moves, 6 Be3 Ng4 and 6 Be3 e5.} 11. Nd5 {[%emt 0:00:59] BESTDEEP} Nxd5 {[%emt 0:05:47] 11...Bxd5 might become the main line.} 12. exd5 {[%emt 0:00:04] RECAPT} Bf5 {[%emt 0:00:03] EASY. The position is equal.} 13. O-O {[%emt 0:00:25] CPLX 2.1 5 (Nb3-a5) (=1)} Rc8 {[%emt 0:00:45] BESTDEEP} 14. Rac1 {[%emt 0:04:37] BESTDEEP} O-O 15. Na5 {[%emt 0:03:57] BESTDEEP} Qc7 {[%emt 0:17:48] CPLX 2.4} 16. c4 {[%emt 0:01:32][%cal Bc2c4,Bc4c5,Bc5c6][%mdl 32] CPLX 2.4} Bg6 {[%emt 0:06:41] [#] CPLX 2.5 25 (Nd7-f6) (=4)} 17. Rfd1 $146 {[%emt 0:09:31][%cal Oc4c5] BESTDEEP} ({Predecessor:} 17. b4 Rfe8 18. Rfd1 b6 19. Nc6 Bf8 20. a4 Nb8 21. c5 dxc5 22. Nxb8 Rxb8 23. d6 {1-0 (49) Mohammad Fahad,R (2263)-Neelash,S (2373) Chittagong 2018}) 17... Qb8 {[%emt 0:24:35] CPLX 2.5 10 (e5-e4) (=4)} 18. b4 {[%emt 0:02:51][%cal Oc4c5] BESTDEEP} f5 {[%emt 0:03:04] CPLX 2.3 50 (Be7-d8) (=9)} (18... Bd8 $1 $14) 19. c5 $16 {[%emt 0:10:40] [#] Hoping for c6. BESTDEEP} f4 {[%emt 0:00:06] CPLX 2.4 7 (Nd7-f6) (=9)} 20. Bf2 {[%emt 0:00:12] EASY} Nf6 {[%emt 0:00:03] DEEPSTRONG} 21. c6 {[%emt 0:15:49] CPLX 2.5 0 (Na5-c4) (=0)} b5 {[%emt 0:00:06] BESTDEEP} 22. Bd3 {[%emt 0:00:24] CPLX 2.7 57 (Na5-b7) (=5)} (22. Nb7 $142) 22... Bf7 {[%emt 0:01:16] CPLX 3.1} 23. Be4 {[%emt 0:01:06] White is much more active. CPLX 2.9 57 (Bd3-b1) (=9)} (23. Bb1 $16) 23... Nxe4 $14 {[%emt 0:06:56] CPLX 3.0} 24. fxe4 {[%emt 0:00:03] RECAPT} Rc7 {[%emt 0:00:35] CPLX 2.7 40 (g7-g5) (=9)} 25. Qe2 {[%emt 0:04:33] BESTDEEP} g5 {[%emt 0:00:47] CPLX 2.7 0 (h5-h4) (=8)} 26. a4 $36 {[%emt 0:05:01][%mdl 2048] White is really pushing. BESTDEEP} Bg6 {[%emt 0:00:08] BESTDEEP} (26... bxa4 $2 27. Qxa6 Qxb4 28. Nc4 $16) 27. axb5 {[%emt 0:05:25] CPLX 2.9 37 (Na5-b7) (=9)} axb5 {[%emt 0:00:07] RECAPT} 28. Nb7 {[%emt 0:04:23] CPLX 2.7 0 (Rd1-e1) (=8)} Rxb7 {[%emt 0:00:03] CPLX 2.9 53 (Qb8-c8) (=10)} (28... Qc8 $142) 29. cxb7 $16 {[%emt 0:00:12] RECAPT} Qxb7 {[%emt 0:00:01] RECAPT} 30. Ra1 {[%emt 0:02:16] Strongly threatening Ra7. BESTDEEP} Rf7 {[%emt 0:04:08] CPLX 2.8 23 (Qb7-c8) (=10)} 31. Rdc1 {[%emt 0:09:33] aiming for Ra7. CPLX 2.8 3 (Qe2-c2) (=7)} f3 $2 {[%emt 0:11:58][%mdl 8192] RELBLUND 352 (Be7-f8) (=25)} (31... Bf8 $16) 32. gxf3 $18 {[%emt 0:02:29] EASY} Qd7 {[%emt 0:00:01] CPLX 2.9 0 (Qb7-b8) (=24)} 33. Ra8+ {[%emt 0:05:05] CPLX 3.2} Kg7 {[%emt 0:00:20] CPLX 3.4 79 (Be7-f8) (=27)} 34. Ra7 {[%emt 0:05:33] BESTDEEP} Qh3 {[%emt 0:00:04] CPLX 3.6} 35. Rcc7 {[%emt 0:00:15] CPLX 4.2} Kf8 {[%emt 0:00:10] CPLX 4.4 39 (Be7-d8) (=26)} 36. Ra8+ {[%emt 0:00:08] CPLX 5.9 152 (Rc7-b7) (=12)} Kg7 {[%emt 0:00:01] EASY} 37. Raa7 {[%emt 0:00:07] CPLX 5.7 318 (Bf2-e1) (=22)} Kf8 {[%emt 0:00:01] BESTDEEP=>BLUNDERREACT} 38. Be3 {[%emt 0:01:50] CPLX 5.9 0 (Rc7-b7) (=22)} Rxf3 {[%emt 0:03:21] EVAL 400 (h5-h4) (=37)} (38... h4 $142 39. Qg2 (39. Qxb5 Qxf3 40. Rc8+ Kg7) 39... Qxg2+ 40. Kxg2 Bh5) 39. Rxe7 $2 {[%emt 0:00:46] RELBLUND 400 (Ra7-a8) (=34)} (39. Ra8+ Kf7 40. Bxg5 Qg4+ 41. Qg2 Qxg2+ 42. Kxg2) 39... Rxe3 {[%emt 0:00:18] [#] EASY} 40. Qf1+ {[%emt 0:01:39] BESTDEEP} ({Weaker is} 40. Qf2+ Rf3 41. Qg2 (41. Qe2 $2 Rf4 $19) 41... Qxg2+ 42. Kxg2 Bxe4 $16) 40... Qxf1+ {[%emt 0:00:02] EASY} 41. Kxf1 {[%emt 0:00:07] Really sharp! LEGAL} Rxe4 {[%mdl 4096] Endgame KRR-KRB. CPLX 3.0 124 (Bg6xe4) (=38)} (41... Bxe4 $142 42. Rf7+ Kg8) 42. Re6 {[%emt 0:01:49][%csl LRd6,LRg6] CPLX 3.1 37 (Re7-d7) (=32)} Rf4+ {[%emt 0:00:23] EASY} 43. Ke1 {[%emt 0:00:36] CPLX 3.0} Bf7 {[%emt 0:04:24] CPLX 3.3 386 (Rf4-f7) (=47)} (43... Rf7) 44. Rxd6 {[%emt 0:00:11] EASY} Kg7 {[%emt 0:00:22] EVAL 218 (Kf8-g8) (=52)} 45. Re6 {[%emt 0:02:59] EVAL} Re4+ {[%emt 0:02:12] BEVAL 147 (Kg7-f8) (=54)} 46. Kf2 {[%emt 0:00:17] EVAL} Kg8 {[%emt 0:03:31] BEVAL 400 (Kg7-f8) (=64)} 47. Ra8+ {[%emt 0:00:10] RELBLUND 400 (Re6-e7) (=39)} (47. Ree7 $142 Rf4+ 48. Ke3 Bxd5 49. Rxe5 Rf3+ 50. Kd4) 47... Kg7 {[%emt 0:00:05] CPLX 2.8} 48. Ra7 {[%emt 0:00:05] d6 is the strong threat. CPLX 3.2 400 (Re6-e7) (=48)} Kg8 $1 {[%emt 0:00:03] EASY} 49. Ree7 {[%emt 0:01:08] RELBLUND} Rf4+ {[%emt 0:00:20] BEVAL} 50. Ke3 {[%emt 0:00:13] RELBLUND} Bxd5 {[%emt 0:00:17] EASY} 51. Rxe5 {[%emt 0:00:31] CPLX 4.1} Rf3+ {[%emt 0:00:31] BEVAL} 52. Ke2 {[%emt 0:00:36] BEVAL} Bc6 {[%emt 0:00:40] MISSDEEP-Rf3-f7 400 (Rf3-f7) (=64)} 53. Rxg5+ {[%emt 0:00:14] DEEPSTRONG} Kf8 {[%emt 0:00:04] BEVAL} 54. Rxh5 {[%emt 0:00:33] Weighted Error Value: White=0.65/Black=0.57} 1-0